 Dungeon Crawl Stone Soup version 0.27-a0-978-g2aa4ecdaef (webtiles) character file.

Game seed: 2782571701121875836

97 tardwrangler69 the Digger (level 4, 0/33 HPs)
             Began as a Draconian Earth Elementalist on Apr 14, 2021.
             Slain by an orc wizard
             ... wielding a +3 dagger of holy wrath
              (3 damage)
             ... on level 3 of the Dungeon.
             The game lasted 00:03:43 (4252 turns).

tardwrangler69 the Digger (DrEE)                    Turns: 4252, Time: 00:03:43

Health: 0/33       AC: 12    Str: 10    XL:     4   Next: 42%
Magic:  4/8        EV: 16    Int: 16    God:
Gold:   98         SH:  5    Dex: 12    Spells: 7/8 levels left

rFire    . . .     SeeInvis .   h - +0 mace (protect)
rCold    . . .     Faith    .   (no shield)
rNeg     . . .     Spirit   .   (armour unavailable)
rPois    .         Reflect  +   (helmet restricted)
rElec    .         Harm     .   (no cloak)
rCorr    .         Rampage  .   (no gloves)
Will     .....                  (no boots)
Stlth    ++........             d - amulet of reflection
HPRegen  0.11/turn              f - +4 ring of evasion
MPRegen  0.11/turn              (no ring)

@: under a protective aura, flying
A: AC +5, unfitting armour, cold-blooded
a: no special abilities


You were on level 3 of the Dungeon.
You visited 1 branch of the dungeon, and saw 4 of its levels.

You collected 98 gold pieces.

Inventory:

Hand Weapons
 h - a +0 mace of protection (weapon)
Missiles
 b - 64 stones
Jewellery
 d - an amulet of reflection (around neck)
 f - a +4 ring of evasion (left hand)
 g - a ring of fire
Scrolls
 c - a scroll of magic mapping


   Skills:
 + Level 2.5 Dodging
 - Level 1.7 Stealth
 + Level 2.7 Spellcasting
 - Level 1.0 Transmutations
 * Level 4.3 Earth Magic


You had 7 spell levels left.
You knew the following spells:

 Your Spells              Type           Power      Damage    Failure   Level
a - Sandblast             Erth           32%        2d9       3%          1

Your spell library contained the following spells:

 Spells                   Type           Power      Damage    Failure   Level
 Passwall                 Tmut/Erth      8%         N/A       10%         2
 Magic Dart               Conj           8%         1d3       19%         1
 Stone Arrow              Conj/Erth      18%        3d8       24%         3
 Blink                    Tloc           N/A        N/A       28%         2
 Call Imp                 Summ           2%         N/A       28%         2
 Slow                     Hex            2%         N/A       28%         2
 Conjure Flame            Conj/Fire      2%         6-21      50%         3
 Mephitic Cloud           Conj/Pois/Air  2%         N/A       50%         3
 Petrify                  Tmut/Erth      10%        N/A       54%         4
 Lee's Rapid Deconstruct  Erth           8%         3d8*      65%         5


Dungeon Overview and Level Annotations

Branches:
Dungeon (4/15)
 Temple: D:4-7

Altars:
Qazlal
Uskayaw

Annotations:
D:2 exclusion: downstairs


Innate Abilities, Weirdness & Mutations

Your plain brown scales are hard. (AC +5)
You cannot fit into any form of body armour.
You are cold-blooded and may be slowed by cold attacks.


Message History

Aim: an orc, wielding a +0 war axe and wearing a +0 leather armour (moderately wounded, 21% to evade)
You miscast Sandblast.
You are very lightly contaminated with residual magic.
Nothing appears to happen.
Something hits you but does no damage. The orc hits you with a +0 whip.
You block the orc's attack. Something hits you.
There is a stone staircase leading up here.
You block something's attack.
You climb upwards.
Reactivating autopickup.
Your magical contamination has completely faded away.
There is a stone staircase leading down here.
You hit the orc.
Your weapon exudes an aura of protection.
You kill the orc!
Something hits you but does no damage.
Deactivating autopickup; reactivate with Ctrl-A.
You hear some strange, mumbled words.
A puff of flame appears from out of thin air!
The puff of flame misses you.
You hit something but do no damage.
You hear some strange, mumbled words.
A puff of flame appears from out of thin air!
The puff of flame hits you.
You hit something but do no damage.
Your tail-slap misses something.
Something barely misses you.
You hit something. Something hits you but does no damage.
You hear some strange, mumbled words.
A puff of flame appears from out of thin air!
The puff of flame hits you!
* * * LOW HITPOINT WARNING * * *
Casting: Sandblast (safe; 3% risk of failure)
Confirm with . or Enter, or press ? or * to list all spells.
Aiming: Sandblast (safe; 3% risk of failure)
Press: ? - help, Shift-Dir - straight line Something hits you but does no damage.
It was a potion of flight.
You feel very buoyant.
You fly up into the air.
Something hits you.
You die...

#.##### #.#.#....
##.#######.#.#####
#.................
#..###.......#####
#..# #.......# #<.
#..# #.......# ###
#.(# #.......#
#.{###.......#####
#@................
###)###########....
#..................
#......#..#########
#......#..#....#≈≈≈
#......#..#.##.#≈..
###.##.#..#.##.#≈..
#.##.#..#....#≈..
#.##.#..#....#≈..


There were no monsters in sight!

Vanquished Creatures
  4 adders
  A worm (D:2)
  2 dart slugs (D:3)
  4 orcs
  6 endoplasms (D:1)
  2 giant cockroaches
  4 goblins
  5 hobgoblins
  2 quokkas (D:2)
  4 ball pythons
  5 bats
  2 frilled lizards (D:1)
  4 kobolds
  3 rats
48 creatures vanquished.

Notes
Turn   | Place    | Note
-------+----------+-------------------------------------------
     0 | D:1      | tardwrangler69 the Draconian Earth Elementalist began the
                  | quest for the Orb.
     0 | D:1      | Reached XP level 1. HP: 14/14 MP: 3/3
   727 | D:1      | Reached XP level 2. HP: 18/20 MP: 5/5
  1945 | D:2      | Reached XP level 3. HP: 26/26 MP: 6/6
  2732 | D:2      | Reached skill level 4 in Earth Magic
  2933 | D:3      | Reached XP level 4. HP: 33/33 MP: 7/7
  2960 | D:3      | Noticed an ice beast
  3587 | D:3      | Found a stormy altar of Qazlal.
  4224 | D:4      | Found a hide-covered altar of Uskayaw.
  4252 | D:3      | Slain by an orc wizard

Illustrated notes

Levels and vault maps discovered:
D:1:      giann_bridges, layout_loops_corners
D:2:      layout_basic, lemuel_another_geyser
D:3:      layout_basic, nicolae_qazlal_eye_of_the_storm, dk_vineyard_1
D:4:      layout_layer_cave, nzn_overflow_gifts_of_might_and_magic,
          dancing_weapons_uskayaw, kennysheep_little_box,
          hangedman_decor_clover_reticule, small_statue_intersection,
          minivault_23

Skill      XL: |  1  2  3 |
---------------+----------+-----
Dodging        | 2 |  2.5
Earth Magic    | 4 |  4.3
Stealth        | |  1.7
Spellcasting   | |  2.7
Transmutations | |  1.0

Action                   |  1- 3 |  4- 6 || total
-------------------------+-------+-------++-------
Melee: Dagger            |   218 |    21 ||   239
       Unarmed           |     4 |       ||     4
       Tailslap          |    11 |     6 ||    17
       Mace              |       |    14 ||    14
       Short sword       |       |    12 ||    12
 Cast: Sandblast         |     2 |     9 ||    11
  Use: Scroll            |       |     2 ||     2
       Potion            |       |     1 ||     1
 Stab: Sleeping          |     7 |       ||     7
Armor: Skin              |    59 |    18 ||    77
Dodge: Dodged            |   180 |    39 ||   219
Block: Other             |    57 |    16 ||    73

Table legend: (Time is in decaauts)
 A = Elapsed time spent in this place.
 B = Non-inter-level travel time spent in this place.
 C = Inter-level travel time spent in this place.
 D = Time resting spent in this place.
 E = Time spent auto-exploring this place.
 F = Levels seen in this place.
 G = Mean time per level.
                   A        B        C        D        E       F      G
               +--------+--------+--------+--------+--------+-----+--------+
         Total |   4260 |   4104 |    156 |    190 |   3317 |   4 | 1065.0 |
       Dungeon |   4260 |   4104 |    156 |    190 |   3317 |   4 | 1065.0 |
               +--------+--------+--------+--------+--------+-----+--------+

Top non-repeatable levels by time:
     D:1: 1748 daAuts
     D:2: 1374 daAuts
     D:3: 1109 daAuts
     D:4: 28 daAuts
